 Dungeon Crawl Stone Soup version 0.21-a0-95-g06f091e (webtiles) character file.

56 Ordine the Magician (level 3, -4/19 HPs)
             Began as a Deep Elf Wizard on July 5, 2017.
             Slain by a gnoll (7 damage)
             ... on level 2 of the Dungeon.
             The game lasted 00:02:31 (1321 turns).

Ordine the Magician (Deep Elf Wizard)               Turns: 1321, Time: 00:02:32

Health: -4/19      AC:  5    Str:  4    XL:     3   Next: 71%
Magic:  1/11       EV: 13    Int: 28    God:
Gold:   74         SH:  0    Dex: 13    Spells: 3/12 levels left

rFire    . . .     SeeInvis .   g - +2 dagger (vamp)
rCold    . . .     Gourm    .   (no shield)
rNeg     . . .     Faith    .   a - +0 robe
rPois    .         Spirit   .   b - +0 hat
rElec    .         Reflect  .   (no cloak)
rCorr    .         Harm     .   (no gloves)
MR       .....                  (no boots)
Stlth    ++........             (no amulet)
HPRegen  0.06/turn              d - +3 ring of protection
MPRegen  0.12/turn              (no ring)

@: brilliant, very slightly contaminated
A: no striking features
a: no special abilities


You were on level 2 of the Dungeon.
You were not hungry.

You visited 1 branch of the dungeon, and saw 2 of its levels.

You collected 74 gold pieces.

Inventory:

Hand Weapons
 g - a +2 vampiric dagger (weapon)
Armour
 a - a +0 robe (worn)
 b - a +0 hat (worn)
Jewellery
 d - a +3 ring of protection (left hand)
Potions
 e - a potion of mutation {unknown}
 i - a potion of flight {unknown}
Books
 c - a book of Minor Magic

   Spells                             Type                      Level
   a - Magic Dart                     Conjuration                  1
   b - Blink                          Translocation                2
   c - Call Imp                       Summoning                    2
   d - Slow                           Hexes                        2
   e - Conjure Flame                  Conjuration/Fire             3
   f - Mephitic Cloud                 Conjuration/Poison/Air       3
Comestibles
 f - a meat ration
 j - a royal jelly
 k - 2 chunks of flesh


   Skills:
 - Level 2.4 Dodging
 + Level 2.9 Stealth
 - Level 5.0 Spellcasting
 * Level 2.6 Conjurations
   Level 1.1 Summonings
 + Level 1.5 Translocations
 + Level 0.2 Fire Magic
 + Level 0.4 Air Magic
 + Level 0.2 Poison Magic


You had 3 spell levels left.
You knew the following spells:

 Your Spells              Type           Power        Failure   Level  Hunger
a - Magic Dart            Conj           ####         1%          1    None
b - Blink                 Tloc           N/A          1%          2    None
c - Conjure Flame         Conj/Fire      ####....     1%          3    #......
d - Mephitic Cloud        Conj/Pois/Air  ####....     1%          3    #......


Dungeon Overview and Level Annotations

Branches:
Dungeon (2/15)

Altars:


Message History

You don't have enough magic to cast that spell.
Unknown command.
Casting: Magic Dart
Confirm with . or Enter, or press ? or * to list all spells.
You don't have enough magic to cast that spell.
Unknown command.
You hit the gnoll but do no damage.
The gnoll is moderately wounded.
The gnoll completely misses you. The jackal closely misses you.
You closely miss the gnoll.
The gnoll is moderately wounded.
The gnoll closely misses you. The jackal misses you. The gnoll hits you.
You are too injured to fight recklessly!
The jackal misses you. The gnoll hits you.
* * * LOW HITPOINT WARNING * * *
It was a potion of brilliance.
You feel clever all of a sudden. The gnoll hits you!
You die...

# ######.. #
####..... ##
#.....####### .#
#.....##....#
.###^......(...#
...÷.....##....#
...#.....##....#
#........####.[###
........## ##..@##
........# ######g.#
........##......#h#
........#.........#
########........†.#
.........#
...<......
........## ........


You could see a gnoll and a jackal.

Vanquished Creatures
  3 gnolls (D:2)
  A dart slug (D:1)
  4 giant cockroaches
  3 hobgoblins (D:1)
  A jackal (D:2)
  2 bats
  7 frilled lizards
  4 kobolds
  2 rats (D:1)
27 creatures vanquished.

Notes
Turn   | Place    | Note
-------+----------+-------------------------------------------
     0 | D:1      | Ordine the Deep Elf Wizard began the quest for the Orb.
     0 | D:1      | Reached XP level 1. HP: 10/10 MP: 7/7
   235 | D:1      | Reached XP level 2. HP: 15/15 MP: 1/9
   415 | D:1      | Learned a level 2 spell: Blink
  1006 | D:2      | Reached XP level 3. HP: 19/19 MP: 4/11
  1010 | D:2      | Reached skill level 5 in Spellcasting
  1015 | D:2      | Learned a level 3 spell: Conjure Flame
  1019 | D:2      | Learned a level 3 spell: Mephitic Cloud
  1321 | D:2      | Slain by a gnoll

Vault maps used:
D:1:      ncdulo_lavacross, serial_park_tiny_2, st_stairs_8,
          kennysheep_small_spiral
D:2:      nicolae_overflow_crystal_walls

Skill      XL: |  1  2  3 |
---------------+----------+-----
Conjurations   | 2 |  2.6
Spellcasting   | 5 |  5.0
Dodging        | |  2.4
Stealth        | |  2.9
Summonings     | |  1.1
Translocations | |  1.5
Fire Magic     | |  0.2
Air Magic      | |  0.4
Poison Magic   | |  0.2

Action                   || total
-------------------------++-------
Melee: Dagger            ||     6
 Cast: Magic Dart        ||    74
  Use: Scroll            ||     3
       Potion            ||     1
  Eat: Bread ration      ||     1
       Chunk             ||     1
Armor: Robe              ||    10
Dodge: Dodged            ||    23
